 Dungeon Crawl Stone Soup version 0.30-a0-782-ge64f9170bb (webtiles) character file.

Game seed: 3304238273364282388

206 Dirtsage the Chopper (level 5, -1/41 HPs)
             Began as a Demonspawn Fighter on Mar 2, 2023.
             Slain by a centaur (3 damage)
             ... on level 4 of the Dungeon.
             The game lasted 00:04:24 (3397 turns).

Dirtsage the Chopper (Demonspawn Fighter)           Turns: 3397, Time: 00:04:25

Health: -1/41      AC: 10    Str: 19    XL:     5   Next: 53%
Magic:  5/5        EV:  9    Int:  9    God:
Gold:   82         SH:  4    Dex: 12    Spells: 4/4 levels left

rFire   . . .      SeeInvis .    a - +0 war axe
rCold   . . .      Faith    .    c - +0 buckler
rNeg    . . .      Spirit   .    b - +0 scale mail
rPois   .          Reflect  .    (no helmet)
rElec   .          Harm     .    A - +1 cloak
rCorr   .          Rampage  .    (no gloves)
Will    .....                    (no boots) Stlth
                                 (no amulet)
HPRegen 0.26/turn                (no ring)
MPRegen 0.09/turn                (no ring)

@: no status effects
A: sharp scales 2
a: no special abilities


You were on level 4 of the Dungeon.
You visited 1 branch of the dungeon, and saw 4 of its levels.

You collected 224 gold pieces.
You spent 142 gold pieces at shops.

Inventory:

Hand Weapons
 a - a +0 war axe (weapon)
Armour
 b - a +0 scale mail (worn)
 c - a +0 buckler (worn)
 o - a scarf of shadows
 A - a +1 cloak (worn)
Scrolls
 f - 3 scrolls of identify {unknown}
 h - a scroll of silence {unknown}
 i - a scroll of fog {unknown}
 j - a scroll of magic mapping {unknown}
 k - a scroll of fear {unknown}
 l - 3 scrolls of poison {unknown}
 n - a scroll of summoning {unknown}
 p - a scroll of enchant weapon {unknown}
 r - 2 scrolls of teleportation {unknown}
 s - 2 scrolls of blinking {unknown}
 v - 2 scrolls of enchant armour {unknown}
 w - 3 scrolls of noise {unknown}
 y - 3 scrolls of brand weapon {unknown}
 C - a scroll of immolation {unknown}
Potions
 d - a potion of might
 e - 2 potions of resistance {unknown}
 g - a potion of haste {unknown}
 m - a potion of brilliance {unknown}
 q - a potion of curing
 t - a potion of mutation {unknown}
 u - 2 potions of ambrosia {unknown}
 x - a potion of flight {unknown}
 z - a potion of attraction {unknown}
 B - a potion of experience {unknown}


   Skills:
 - Level 3.0 Fighting
 + Level 5.3 Axes
 - Level 2.6 Armour
 - Level 2.6 Shields


You had 4 spell levels left.
You didn't know any spells.
Your spell library contained the following spells:

 Spells                   Type           Power      Damage    Failure   Level
 Freeze                   Ice            0%         1d3       86%         1
 Summon Guardian Golem    Hex/Summ       0%         N/A       99%         3
 Orb of Destruction       Conj           0%         9d5       100%        7
 Spellforged Servitor     Conj/Summ      0%         N/A       100%        7


Dungeon Overview and Level Annotations

Branches:
Dungeon (4/15)
 Temple: D:4-7

Altars:
Ashenzari
Hepliaklqana

Shops:
D:2 *


Innate Abilities, Weirdness & Mutations

You are mostly covered in razor-sharp scales. (AC +2, Slay +2)


Message History

The centaur hits you but does no damage.
The centaur kicks you but does no damage.
You take 3 damage, and have 10/41 hp.
You barely miss the centaur.
The centaur hits you but does no damage.
You block the centaur's attack.
You barely miss the centaur. You block the centaur's attack.
The centaur kicks you but does no damage.
The centaur barely misses you.
The centaur kicks you but does no damage.
You barely miss the centaur. The centaur hits you.
* * * LOW HITPOINT WARNING * * *
The centaur kicks you but does no damage.
The centaur hits you but does no damage.
The centaur kicks you but does no damage.
You take 1 damage, and have 10/41 hp.
You hit the centaur.
The centaur is lightly wounded.
The centaur hits you but does no damage.
The centaur barely misses you. The centaur closely misses you.
The centaur kicks you but does no damage.
You hit the centaur.
The centaur is lightly wounded.
The centaur hits you but does no damage.
The centaur barely misses you. The centaur hits you.
* * * LOW HITPOINT WARNING * * *
The centaur kicks you but does no damage.
You take 3 damage, and have 7/41 hp.
You hit the centaur.
The centaur is moderately wounded.
The centaur hits you but does no damage.
The centaur kicks you but does no damage.
The centaur hits you.
* * * LOW HITPOINT WARNING * * *
You block the centaur's attack.
You take 5 damage, and have 2/41 hp.
You hit the centaur but do no damage.
The centaur is moderately wounded.
The centaur hits you.
You die...

..... .# #.... ..#
#....# ..# ...
#.... #.#####..#
#...##.#...... #
#...........# ..#..
#....c......##.....
#...@.............
##..............
#..............
###...<.....###
##........####.
#.............
#..#......##.#
#.........#
#.......#.... #


You could see a centaur.

Vanquished Creatures
  2 orc priests (D:3)
  Terence (D:2)
  4 adders
  2 worms
  A dart slug (D:1)
  3 orcs (D:3)
  5 bats
  8 endoplasms
  4 giant cockroaches
  11 goblins
  9 hobgoblins
  4 quokkas
  6 ball pythons
  3 frilled lizards
  3 kobolds
  6 rats
72 creatures vanquished.

Vanquished Creatures (others)
  8 plants
8 creatures vanquished.

Grand Total: 80 creatures vanquished

Notes
Turn   | Place    | Note
-------+----------+-------------------------------------------
     0 | D:1      | Dirtsage the Demonspawn Fighter began the quest for the
                  | Orb.
     0 | D:1      | Reached XP level 1. HP: 18/18 MP: 1/1
    49 | D:1      | Reached skill level 2 in Axes
   111 | D:1      | Gained mutation: You are partially covered in razor-sharp
                  | scales. (AC +1, Slay +1) [demonic ancestry]
   111 | D:1      | Reached XP level 2. HP: 24/24 MP: 2/2
   674 | D:1      | Reached skill level 3 in Axes
   907 | D:2      | Found a hazy altar of Hepliaklqana.
   908 | D:2      | Noticed Terence
   928 | D:2      | Killed Terence
   929 | D:2      | Reached XP level 3. HP: 8/29 MP: 3/3
  1271 | D:2      | Reached skill level 4 in Axes
  1271 | D:2      | Gained mutation: You are mostly covered in razor-sharp
                  | scales. (AC +2, Slay +2) [demonic ancestry]
  1271 | D:2      | Reached XP level 4. HP: 35/35 MP: 4/4
  1478 | D:2      | Found Ganefat's Assorted Antiques.
  2011 | D:3      | Reached XP level 5. HP: 15/41 MP: 5/5
  2013 | D:3      | Reached skill level 5 in Axes
  2306 | D:3      | Found a faded altar of an unknown god.
  2310 | D:3      | Got Plato's Vellum of Firn
  2937 | D:2      | Bought an embroidered cloak for 142 gold pieces
  3133 | D:4      | Found a broken altar of Ashenzari.
  3193 | D:4      | Noticed a centaur
  3197 | D:4      | HP: 2/41 [centaur/arrow (6)]
  3396 | D:4      | HP: 2/41 [centaur (5)]
  3397 | D:4      | Slain by a centaur

Illustrated notes

Levels and vault maps discovered:
D:1:      amcnicky_arrival_single_pillar, layout_basic, serial_forest,
          infiniplex_forest_clump_double, infiniplex_forest_end_1,
          infiniplex_forest_zigzag_2, infiniplex_forest_end_3,
          infiniplex_forest_clump_double, infiniplex_forest_clump_tiny,
          serial_bayou_pond_a
D:2:      layout_loops_ring, basic_altar, serial_shops, nicolae_diamond_shop,
          uniq_terence
D:3:      layout_loops_corners, shapermc_ecumenical_altar_rom_forum,
          minmay_misc_feat_plants, minmay_misc_feat_x, minmay_goblin_outpost
D:4:      layout_cave_pools, mainiacjoe_overflow_24_doors,
          kennysheep_little_box, uniq_menkaure

Skill      XL: |  1  2  3  4  5 |
---------------+----------------+-----
Axes           | 2 3 4 5 |  5.3
Fighting       | |  3.0
Armour         | |  2.6
Shields        | |  2.6

Action                     |  1- 3 |  4- 6 || total
---------------------------+-------+-------++-------
  Melee: War axe           |    84 |    99 ||   183
 Armour: Scale mail        |    32 |    51 ||    83
  Dodge: Dodged            |    29 |    50 ||    79
  Block: Buckler           |    10 |    25 ||    35

Table legend: (Time is in decaauts)
 A = Elapsed time spent in this place.
 B = Non-inter-level travel time spent in this place.
 C = Inter-level travel time spent in this place.
 D = Time resting spent in this place.
 E = Time spent auto-exploring this place.
 F = Levels seen in this place.
 G = Mean time per level.
                   A        B        C        D        E       F      G
               +--------+--------+--------+--------+--------+-----+--------+
         Total |   3463 |   3344 |    119 |    178 |   2648 |   4 |  865.8 |
       Dungeon |   3463 |   3344 |    119 |    178 |   2648 |   4 |  865.8 |
               +--------+--------+--------+--------+--------+-----+--------+

Top non-repeatable levels by time:
     D:3: 1385 daAuts
     D:2: 939 daAuts
     D:1: 892 daAuts
     D:4: 245 daAuts
